Map: Sludge City

Players

libo

  • Race: Terran Terran
  • Spawn Location: 9:00

Thomasheen

  • Race: Terran Terran
  • Spawn Location: 11:00

aieksandr - Winner!

  • Race: Terran Terran
  • Spawn Location: 5:00

Gracz - Winner!

  • Race: Terran Terran
  • Spawn Location: 5:00

VOD

Have the link to the VOD?

Description

Time

  • Played on: March 10, 2016, 9:11 a.m.
  • Length: 11:24
Show
View Real Time Build Order
Export as new Build Order

libo Terran 

Build Orders: Command Center First (CC) 

Get SALT Encoding   

  12  0:03  SCV  
  13  0:18  Supply Depot  
  13  0:22  SCV  
  14  0:35  SCV  
  15  0:47  SCV  
  16  0:59  SCV  
  17  1:05  Command Center  
  17  1:11  SCV  
  18  1:22  Supply Depot  
  18  1:44  SCV  
  19  1:49  Barracks  
  19  1:56  SCV  
  20  2:08  SCV  
  21  2:12  Engineering Bay  
  21  2:20  SCV  
  22  2:22  Refinery  
  22  2:26  Refinery  
  22  2:27  SCV  
  23  2:32  SCV  
  24  2:39  SCV  
  25  2:44  SCV  
  26  2:51  SCV  
  26  2:56  SCV  
  28  3:04  SCV  
  29  3:08  SCV  
  29  3:10  Barracks Reactor  
  30  3:16  SCV  
  31  3:20  SCV  
  31  3:26  Command Center  
  32  3:35  Engineering Bay  
  32  3:48  Barracks  
  32  3:58  Marine x2  
  34  4:11  Terran Infantry Weapons Level 1  
  34  4:13  Terran Infantry Armor Level 1  
  34  4:15  Marine  
  34  4:16  Marine  
  36  4:19  Factory  
  36  4:32  Orbital Command  
  36  4:33  Marine  
  36  4:36  Barracks  
  36  5:02  Factory  
  35  5:13  Marine x2  
  30  5:31  Marine x2  
  26  5:49  Marine x2  
Show
View Real Time Build Order
Export as new Build Order

Thomasheen Terran 

Build Orders: Liberator Opening 

Get SALT Encoding   

  12  0:03  SCV  
  13  0:15  SCV  
  14  0:27  SCV  
  15  0:31  Supply Depot  
  15  0:52  SCV  
  16  0:57  Barracks  
  16  1:05  SCV  
  16  1:06  Refinery  
  16  1:09  Refinery  
  17  1:17  SCV  
  18  1:29  SCV  
  19  1:38  Supply Depot  
  19  1:41  SCV  
  19  1:45  Marine  
  21  1:53  SCV  
  22  2:05  SCV  
  22  2:08  Reaper  
  24  2:09  Engineering Bay  
  24  2:17  SCV  
  25  2:29  Factory, SCV  
  26  2:41  SCV  
  27  2:57  SCV  
  28  3:00  Marine  
  29  3:18  Marine  
  30  3:21  Starport  
  30  3:27  Command Center  
  30  3:29  Supply Depot  
  30  3:30  Supply Depot  
  30  3:38  Hellion  
  31  3:49  Liberator  
  31  3:54  Bunker  
  31  4:04  Bunker  
  36  4:10  Hellion  
  36  4:15  Marine  
  37  4:32  Liberator  
  40  4:54  Marine  
  41  5:06  Barracks  
  41  5:08  Barracks  
  41  5:12  Marine  
  42  5:27  Hellion  
  44  5:29  Marine  
  44  5:32  Medivac  
  47  5:44  SCV  
  47  5:45  Liberator  
  47  5:49  Hellion  
  51  5:50  SCV  
  51  5:56  SCV  
  52  6:02  SCV  
  56  6:04  Refinery  
  56  6:07  Refinery  
  56  6:08  SCV  
  57  6:15  Hellion  
  59  6:20  SCV  
  59  6:22  Marine  
  61  6:26  Marine  
  62  6:35  Supply Depot  
  62  6:36  Supply Depot  
  62  6:56  Marine x3, Medivac, SCV  
  68  7:09  Liberator  
  68  7:14  Marine  
Show
View Real Time Build Order
Export as new Build Order

aieksandr Terran - Winner!

Build Orders:  

Get SALT Encoding   

  12  0:03  SCV  
  13  0:15  SCV  
  14  0:22  Supply Depot  
  14  0:27  SCV  
  15  0:35  Refinery  
  15  0:48  SCV  
  15  0:49  Barracks  
  16  1:00  SCV  
  17  1:11  Barracks  
  17  1:13  SCV  
  18  1:25  SCV  
  19  1:26  Engineering Bay  
  19  1:37  Marine  
  19  1:38  Supply Depot  
  20  1:55  Marine  
  20  1:57  Refinery  
  21  2:02  Supply Depot  
  21  2:06  Missile Turret  
  21  2:25  Supply Depot  
  21  2:26  Missile Turret  
  21  2:28  Marine x2  
  23  2:40  SCV  
  24  2:47  Barracks Tech Lab, Marine  
  25  2:52  SCV  
  26  3:04  Terran Infantry Weapons Level 1  
  26  3:08  Barracks Reactor  
  26  3:21  Factory, Marine  
  27  3:38  Missile Turret  
  27  3:39  Marauder  
  29  3:42  Orbital Command  
  29  4:03  Marauder  
  29  4:04  Marine x2  
  33  4:22  Factory Tech Lab  
  33  4:24  Supply Depot  
  33  4:48  Siege Tank  
  36  4:53  Marine x2  
  38  5:05  Command Center, Marauder  
  40  5:11  Marine  
  41  5:41  Marauder  
  41  5:42  Marine x2  
  44  7:18  Marine x2, Marauder  
  48  7:26  SCV  
  49  7:36  Marine  
  50  7:39  SCV, Marauder  
  50  7:41  Marine  
  50  7:43  Starport  
  54  7:51  SCV  
  55  7:53  Marine  
  56  8:00  Marauder  
  56  8:03  SCV  
  59  8:15  SCV  
  60  8:22  Supply Depot  
  60  8:29  Missile Turret  
  60  8:30  Viking  
  60  8:38  SCV  
  60  8:44  Missile Turret  
  58  8:50  SCV  
  57  9:00  Viking  
  57  9:02  SCV  
  60  9:04  Missile Turret  
  60  9:14  SCV  
  61  9:19  Refinery  
  61  9:22  Refinery  
  61  9:26  SCV  
  61  9:30  Viking  
  64  9:32  Missile Turret  
  64  9:37  Marine x2  
  64  9:38  SCV, Marauder  
  69  9:52  SCV  
  70  9:59  Marauder  
  72  10:00  Viking  
  72  10:04  SCV  
  75  10:16  SCV  
  76  10:28  SCV  
  77  10:49  Supply Depot  
  77  10:56  Missile Turret  
  77  11:08  Missile Turret  
Show
View Real Time Build Order
Export as new Build Order

Gracz Terran - Winner!

Build Orders:  

Get SALT Encoding   

  12  0:02  SCV  
  13  0:14  SCV  
  14  0:24  Supply Depot  
  14  0:28  SCV  
  15  0:30  Refinery  
  15  0:58  Supply Depot, SCV  
  15  1:04  Barracks  
  16  1:10  SCV  
  17  1:20  Supply Depot  
  17  1:32  Barracks  
  17  1:47  Barracks  
  17  1:50  SCV  
  18  2:04  Barracks Reactor  
  18  2:18  Barracks Reactor  
  18  2:23  Orbital Command  
  18  2:25  Refinery  
  18  2:33  Barracks Reactor  
  18  2:43  Engineering Bay  
  18  2:50  Engineering Bay  
  18  3:00  Reaper x3  
  21  3:17  SCV  
  21  3:18  Refinery  
  22  3:21  Terran Infantry Weapons Level 1  
  22  3:25  Marine, Refinery  
  23  3:29  SCV  
  24  3:41  SCV  
  25  3:44  Reaper x3  
  28  3:53  SCV  
  29  4:03  Reaper x2  
  29  4:05  SCV  
  32  4:12  Reaper  
  30  5:39  Reaper x6  
  34  6:11  Reaper x5  
  39  6:20  Command Center  
  39  6:22  Supply Depot  
  39  6:35  Reaper  
  39  6:44  Supply Depot  
  39  6:55  Factory  
  39  6:59  Factory  
  39  7:06  Supply Depot  
  39  7:29  Supply Depot  
  34  7:53  Supply Depot  
  32  8:16  Supply Depot  
  29  9:49  Marine  
  29  9:50  Marine  
  26  9:53  Marine x2  
  25  10:04  Marine  
  25  10:06  Marine  
  27  10:07  Marine  
  27  10:08  Marine  
  27  10:11  Marine  
  29  10:25  Marine x2  
  26  10:46  SCV  
  26  10:47  SCV  
  26  10:49  Factory Tech Lab  
  28  10:50  Factory Tech Lab  
  28  10:58  SCV  
  28  11:00  SCV  
  30  11:10  SCV  
  31  11:12  SCV  
Tags
 
Add a new tag
Caveats
  • Supply blocks, unpowered buildings, or Contaminate may cause inaccurate times.
  • Supply counts are checked every 10 seconds.